 Dungeon Crawl Stone Soup version 0.21.1-1-g345015fe64 (webtiles) character file.

114 Jannitor the Vexing (level 4, -3/30 HPs)
             Began as a Demonspawn Enchanter on May 6, 2018.
             Slain by an orc priest
             ... wielding a +0 flail
              (11 damage)
             ... on level 3 of the Dungeon.
             The game lasted 00:09:09 (4527 turns).

Jannitor the Vexing (Demonspawn Enchanter)          Turns: 4527, Time: 00:09:10

Health: -3/30      AC:  3    Str: 15    XL:     4   Next: 67%
Magic:  16/16      EV: 12    Int: 16    God:
Gold:   178        SH:  0    Dex: 13    Spells: 1/7 levels left

rFire    . . .     SeeInvis .   a - +1 dagger
rCold    . . .     Gourm    .   (no shield)
rNeg     . . .     Faith    .   b - +0 robe
rPois    +         Spirit   .   (helmet restricted)
rElec    .         Reflect  .   e - +0 cloak
rCorr    .         Harm     .   j - +0 pair of gloves
MR       .....                  (no boots)
Stlth    +++.......             (no amulet)
HPRegen  0.10/turn              g - ring of magical power
MPRegen  0.15/turn              k - ring of poison resistance

@: mighty
A: antennae 1, talons 1, deformed body, nightstalker 1, wild magic 2
a: no special abilities


You were on level 3 of the Dungeon.
You were not hungry.

You visited 1 branch of the dungeon, and saw 4 of its levels.

You collected 178 gold pieces.

Inventory:

Hand Weapons
 a - a +1 dagger (weapon)
Armour
 b - a +0 robe (worn)
 e - a +0 cloak (worn)
 j - a +0 pair of gloves (worn)
Jewellery
 g - a ring of magical power (left hand)
 k - a ring of poison resistance (right hand)
Scrolls
 l - a scroll of magic mapping
Potions
 f - a potion of brilliance
 h - a potion of agility
 p - a potion of cancellation {unknown}
Books
 c - a book of Maledictions

   Spells                             Type                      Level
   a - Corona                         Hexes                        1
   b - Ensorcelled Hibernation        Hexes/Ice                    2
   c - Confuse                        Hexes                        3
   d - Tukima's Dance                 Hexes                        3
   e - Dazzling Spray                 Conjuration/Hexes            3
Comestibles
 d - 4 rations


   Skills:
 + Level 1.4 Short Blades
 - Level 1.7 Dodging
 + Level 3.3 Stealth
 - Level 2.0 Spellcasting
 * Level 4.5 Hexes
 - Level 1.3 Ice Magic


You had one spell level left.
You knew the following spells:

 Your Spells              Type           Power        Failure   Level  Hunger
a - Corona                Hex            ####...      9%          1    #......
b - Ensorcelled Hibernat  Hex/Ice        ###...       21%         2    ###....
c - Confuse               Hex            ####....     21%         3    ###....


Dungeon Overview and Level Annotations

Branches:
Dungeon (4/15)
 Temple: D:4-7

Altars:
Ashenzari
Elyvilon
Makhleb
Nemelex Xobeh
Okawaru
Yredelemnul


Innate Abilities, Weirdness & Mutations

You have sharp toenails.
You are slightly more attuned to the shadows.
You have a pair of small antennae on your head.
Armour fits poorly on your strangely shaped body.
Your spells are harder to cast, but more powerful.


Message History

The orc wizard blinks!
You hear an angry hiss.
An orc priest comes into view. It is wielding a flail.
There is a stone staircase leading up here.
You see here 2 tomahawks.
The orc wizard gestures at you while chanting.
The puff of flame hits you!
The orc wizard miscasts a cantrip.
The orc wizard casts a spell at you. The magic dart hits you!
The orc wizard barely misses you. The orc priest hits you with a flail!
* * * LOW HITPOINT WARNING * * *
You climb upwards.
There is a stone staircase leading down here.
Unknown command.
It was a potion of might.
You feel very mighty all of a sudden.
The orc wizard hits you but does no damage.
The orc priest hits you with a flail!
You die...

#.######## #........#
#.######.# ##### #.#
#.# #...# #.# #.# #...#
######.######.####...#
#..........##........##
#..........####......).
#....o@.........#.....#
#....[.o.....##........
#..........#.##.#.⌠.⌠.#
#..........#.##........
#..........#.##.#.....#
#......[...#.##...._...
#..........#.##.#.....#
############.##........
#.##.#.⌠.⌠.#


You could see an orc priest and an orc wizard.

Vanquished Creatures
  3 adders (D:3)
  A worm (D:1)
  2 dart slugs (D:2)
  7 leopard geckos
  5 orcs
  7 bats
  A giant cockroach (D:1)
  8 goblins
  8 hobgoblins
  2 jackals (D:1)
  A ball python (D:2)
  2 frilled lizards
  11 kobolds
  9 rats
67 creatures vanquished.

Notes
Turn   | Place    | Note
-------+----------+-------------------------------------------
     0 | D:1      | Jannitor the Demonspawn Enchanter began the quest for the Orb.
     0 | D:1      | Reached XP level 1. HP: 13/13 MP: 3/3
   173 | D:1      | Reached skill level 1 in Short Blades
   537 | D:1      | Gained mutation: Your spells are a little harder to cast, but a little more powerful. [potion of mutation]
   537 | D:1      | Gained mutation: You have a pair of small antennae on your head. [potion of mutation]
   537 | D:1      | Gained mutation: Armour fits poorly on your strangely shaped body. [potion of mutation]
   537 | D:1      | Gained mutation: Your spells are harder to cast, but more powerful. [potion of mutation]
   543 | D:1      | Gained mutation: You are slightly more attuned to the shadows. [demonic ancestry]
   543 | D:1      | Reached XP level 2. HP: 9/19 MP: 3/5
   705 | D:1      | Learned a level 2 spell: Ensorcelled Hibernation
  2176 | D:2      | Gained mutation: You have sharp toenails. [demonic ancestry]
  2176 | D:2      | Reached XP level 3. HP: 18/24 MP: 2/6
  2679 | D:1      | Learned a level 3 spell: Confuse
  2779 | D:2      | Reached skill level 4 in Hexes
  2795 | D:2      | Reached skill level 1 in Ice Magic
  2910 | D:2      | Found a sparkling altar of Nemelex Xobeh.
  3137 | D:3      | Reached XP level 4. HP: 30/30 MP: 7/7
  3167 | D:3      | Found a white marble altar of Elyvilon.
  3327 | D:3      | Found a basalt altar of Yredelemnul.
  3328 | D:3      | Found a burning altar of Makhleb.
  3332 | D:3      | Found a shattered altar of Ashenzari.
  3333 | D:3      | Found an iron altar of Okawaru.
  3871 | D:4      | Noticed an orc warrior
  4527 | D:3      | Slain by an orc priest

Skill      XL: |  1  2  3 |
---------------+----------+-----
Short Blades   | 1 |  1.4
Stealth        | 3 |  3.3
Hexes          | 4 |  4.5
Ice Magic      | 1 |  1.3
Dodging        | |  1.7
Spellcasting   | |  2.0

Action                   |  1- 3 |  4- 6 || total
-------------------------+-------+-------++-------
Melee: Dagger            |   167 |    74 ||   241
       Kick              |     9 |    12 ||    21
 Cast: Corona            |     5 |       ||     5
       Ensorcelled Hiber |    20 |    10 ||    30
  Use: Potion            |     3 |     1 ||     4
       Scroll            |     1 |     5 ||     6
 Stab: Sleeping          |    16 |    10 ||    26
       Distracted        |     2 |       ||     2
  Eat: Chunk             |     9 |     2 ||    11
       Ration            |       |     1 ||     1
Armor: Robe              |    30 |    20 ||    50
Dodge: Dodged            |   136 |    45 ||   181
